Map: Daybreak LE (Void)

Players

Generos

  • Race: Terran Terran
  • League: Gold
  • Spawn Location: 1:00

Probe - Winner!

  • Race: Zerg Zerg
  • League: Gold
  • Spawn Location: 7:00

VOD

Have the link to the VOD?

Description

Time

  • Played on: Jan. 11, 2017, 2:47 p.m.
  • Length: 16:27
Show
View Real Time Build Order
Export as new Build Order

Generos Terran 

Build Orders: 1/1/1, MMM Bio 

Get SALT Encoding   

  12  0:00  SCV  
  13  0:13  SCV  
  14  0:18  Supply Depot  
  14  0:25  SCV  
  15  0:30  Refinery  
  15  0:39  SCV  
  16  0:46  Barracks  
  16  0:51  SCV  
  17  1:03  SCV  
  18  1:12  Supply Depot  
  18  1:15  SCV  
  19  1:28  SCV  
  20  1:34  Factory  
  20  1:39  Refinery  
  20  1:40  SCV  
  20  1:42  Marine  
  22  1:52  SCV  
  23  2:00  Reaper  
  24  2:04  SCV  
  25  2:12  Barracks  
  25  2:16  SCV  
  25  2:22  Starport  
  26  2:29  Hellion  
  28  2:31  Orbital Command  
  28  2:37  Supply Depot  
  28  2:48  Barracks Reactor  
  28  2:51  Hellion  
  30  3:00  Medivac  
  30  3:02  Barracks Tech Lab  
  32  3:10  SCV  
  33  3:15  Hellion  
  35  3:22  Marine, SCV  
  37  3:34  Marine x2  
  39  3:46  Supply Depot  
  39  3:50  Supply Depot  
  39  4:07  Marine, Medivac, SCV  
  39  4:08  Barracks Reactor  
  43  4:12  Hellion x2  
  47  4:20  SCV  
  47  4:21  Command Center  
  48  4:32  SCV  
  48  4:33  Hellion x2  
  53  4:40  Stimpack  
  53  4:42  Marine  
  53  4:44  SCV  
  55  4:58  Supply Depot  
  55  5:04  Supply Depot  
  55  5:10  Marine, Viking, SCV  
  59  5:27  Marine, Hellion x2  
  56  5:47  Marine x2  
  56  5:48  Marauder, Hellion x2  
  64  5:51  Medivac  
  64  5:54  SCV  
  67  6:06  SCV  
  67  6:09  Marine x2  
  70  6:15  Engineering Bay  
  70  6:16  Engineering Bay  
  71  6:18  SCV  
  71  6:25  Supply Depot  
  71  6:27  Supply Depot  
  71  6:32  SCV  
  72  6:34  SCV  
  72  6:36  Marine  
  72  6:38  Marine  
  75  6:44  SCV  
  75  6:46  SCV  
  75  6:55  Marine x2  
  75  6:56  Marine  
  74  7:09  SCV x2  
  74  7:13  Marine x2  
  78  7:21  SCV  
  78  7:22  SCV  
  80  7:27  Factory Tech Lab  
  80  7:28  Starport Reactor  
  80  7:29  Barracks  
  80  7:33  Marine x3  
  82  7:52  Missile Turret  
  82  7:53  Missile Turret  
  82  7:57  Missile Turret  
  82  7:59  Supply Depot  
  82  8:01  Marine x3  
  85  8:11  Orbital Command  
  85  8:13  Missile Turret  
  85  8:17  Siege Tank  
  85  8:18  Missile Turret  
  88  8:20  Barracks  
  88  8:35  Marine x4  
  92  8:43  Marine  
  92  8:46  Terran Infantry Weapons Level 1  
  92  8:47  Terran Infantry Armor Level 1  
  93  8:52  Marine  
  93  8:53  Marine x2, Missile Turret  
  96  9:02  SCV x2  
  98  9:07  Missile Turret  
  98  9:09  Barracks  
  98  9:14  SCV  
  99  9:19  Marine x3  
  99  9:20  Marine x3  
  81  9:50  Marine x4  
  81  9:51  Marine x2  
  87  9:55  Combat Shields  
  87  9:58  Barracks Reactor  
  87  10:03  Siege Tank  
  90  10:08  Marine x5  
  90  10:11  Supply Depot  
  95  10:16  SCV x2  
  97  10:28  SCV x2  
  98  10:33  Supply Depot  
  99  10:35  Barracks Reactor  
  99  10:37  Armory  
  99  10:38  Marine x4  
  99  10:39  Marine x3  
  106  10:43  Medivac x2  
  110  10:56  Supply Depot  
  110  10:58  Widow Mine  
  112  11:18  Supply Depot  
  112  11:26  Marine x6  
  112  11:27  Marine x3  
  121  11:37  Siege Tank  
  124  11:44  Marine  
  122  11:59  Marine x3  
  122  12:00  Marine x4  
  98  12:10  Marine x2  
  97  12:17  Marine x4  
  97  12:18  Marine  
  83  12:24  Marine x2  
  83  12:28  Marine  
  78  12:32  Marine  
  78  12:33  Siege Tank  
  78  12:35  Marine x3, Medivac x2  
  89  12:44  Command Center  
  89  12:52  Terran Infantry Weapons Level 2, Terran Infantry Armor Level 2  
  89  12:53  Starport  
  89  13:00  Refinery  
  89  13:03  Marine x6, Refinery  
  89  13:04  Marine  
  96  13:05  Siege Tank, Medivac  
  101  13:44  Marine x2  
  101  13:45  Marine x7  
  110  14:02  Marine x4  
  111  14:03  Marine  
  82  14:28  Marine x4  
  83  14:32  Marine x2  
  83  14:33  Marine x3  
  88  14:45  Marine x2  
  90  14:56  Marine x5  
  90  14:57  Marine  
  96  15:05  Starport Reactor  
  96  15:11  Marine x2  
  98  15:23  Planetary Fortress  
  98  15:35  Marine x3  
  98  15:36  Marine x3  
  104  15:53  Marine x3  
  104  15:54  Marine  
  104  15:55  Marine x3  
Show
View Real Time Build Order
Export as new Build Order

Probe Zerg - Winner!

Build Orders: Hatch First, Muta Ling Bane 

Get SALT Encoding   

  12  0:01  Drone  
  13  0:12  Overlord  
  13  0:20  Drone  
  14  0:30  Drone x2  
  16  0:35  Drone  
  17  0:46  Drone  
  18  0:57  Hatchery  
  17  0:59  Drone  
  17  1:04  Extractor  
  17  1:07  Drone  
  18  1:19  Drone  
  18  1:23  Spawning Pool  
  18  1:31  Drone  
  19  1:39  Drone  
  20  1:52  Overlord  
  20  2:10  Queen x2  
  20  2:11  Metabolic Boost  
  20  2:14  Drone x2  
  26  2:33  Baneling Nest  
  26  2:35  Drone x4  
  29  2:40  Overlord  
  29  2:49  Queen  
  31  2:57  Queen  
  33  3:00  Drone  
  33  3:02  Drone  
  35  3:10  Drone x3  
  38  3:13  Drone  
  39  3:29  Lair  
  39  3:43  Zergling x2  
  39  3:44  Zergling x8  
  39  3:47  Overlord x3  
  44  4:02  Overlord  
  44  4:03  Overlord x2  
  44  4:05  Drone x3  
  44  4:06  Drone x2  
  49  4:11  Extractor  
  49  4:12  Extractor  
  47  4:31  Drone x2  
  47  4:32  Drone x6  
  47  4:38  Extractor  
  54  4:43  Evolution Chamber  
  53  4:45  Evolution Chamber  
  52  5:01  Spire, Centrifical Hooks  
  52  5:03  Drone  
  52  5:04  Drone x5  
  57  5:20  Zergling x12  
  63  5:35  Zergling x4  
  51  5:43  Drone x6  
  56  6:09  Drone  
  57  6:15  Overseer  
  57  6:17  Mutalisk x5  
  66  7:07  Mutalisk x5  
  66  7:08  Mutalisk  
  78  7:16  Hatchery  
  78  7:17  Zergling x12  
  78  7:19  Overlord  
  83  7:49  Hatchery  
  82  7:52  Mutalisk x4  
  82  7:54  Overlord x2  
  82  7:55  Overlord x4  
  90  8:03  Zerg Flyer Weapons Level 1  
  90  8:05  Zerg Melee Weapons Level 1  
  90  8:10  Zergling x2  
  91  8:14  Zergling x8  
  95  8:36  Baneling  
  95  8:38  Baneling x5  
  95  8:39  Baneling x4  
  95  8:45  Drone x7  
  95  8:46  Drone x3  
  105  8:50  Zerg Ground Armor Level 1  
  105  8:58  Drone x2  
  107  9:08  Drone x5  
  112  9:12  Extractor  
  112  9:15  Extractor  
  104  9:35  Zergling x10  
  98  9:43  Mutalisk x3  
  98  9:58  Drone x5  
  103  10:05  Zerg Melee Weapons Level 2  
  103  10:12  Infestation Pit  
  103  10:13  Nydus Network, Zerg Flyer Weapons Level 2  
  101  10:18  Drone x3  
  101  10:19  Drone x4  
  108  10:38  Zergling x20  
  108  10:39  Zergling x16  
  108  10:40  Overlord  
  126  10:55  Drone x3  
  129  11:04  Drone x2  
  129  11:08  Baneling x2  
  129  11:09  Baneling x9  
  129  11:10  Baneling x5  
  129  11:11  Zergling x18  
  135  11:12  Zergling x4  
  142  11:19  Zerg Ground Armor Level 2  
  142  11:23  Hive  
  142  11:29  Zergling x2  
  142  11:30  Zergling x18  
  142  11:31  Zergling x2  
  153  11:44  Nydus Canal  
  152  12:00  Zergling x14  
  152  12:01  Zergling x2  
  121  12:31  Zergling x6  
  121  12:32  Zergling x18  
  121  12:33  Zergling x12  
  139  12:50  Baneling  
  139  12:51  Baneling x9  
  139  12:52  Baneling x6  
  139  12:54  Mutalisk x7  
  153  12:58  Zerg Flyer Armor Level 1  
  153  13:03  Zerg Melee Weapons Level 3  
  153  13:04  Adrenal Glands  
  153  13:14  Extractor  
  153  13:15  Extractor  
  151  13:30  Zergling x4  
  151  13:31  Zergling x14  
  151  13:32  Overlord  
  151  13:33  Overlord x7  
  160  13:55  Nydus Canal  
  129  14:27  Zergling x2  
  129  14:28  Zergling x20  
  129  14:29  Zergling x16  
  146  14:43  Ultralisk Cavern  
  145  14:46  Zergling x6  
  145  14:47  Zergling x6  
  151  15:21  Zergling x8  
  151  15:22  Zergling x20  
  151  15:23  Zergling x10  
  151  15:27  Baneling x4  
  151  15:28  Baneling x9  
  170  15:29  Baneling x7  
  170  15:31  Ultralisk x2  
  170  15:33  Hatchery  
  170  15:34  Hatchery  
  180  15:44  Queen  
  200  16:03  Overseer  
Tags
 
Add a new tag
Caveats
  • Supply blocks, unpowered buildings, or Contaminate may cause inaccurate times.
  • Supply counts are checked every 10 seconds.